 Dungeon Crawl Stone Soup version 0.22.1-1-ga44c0e56f4 (webtiles) character file.

812 Knicklaso the Chopper (level 7, 0/62 HPs)
             Began as a Black Draconian Monk on Oct 3, 2018.
             Slain by a gnoll
             ... wielding a +0 spear
              (10 damage)
             ... on level 5 of the Dungeon.
             The game lasted 00:13:13 (5879 turns).

Knicklaso the Chopper (Black Draconian Monk)        Turns: 5879, Time: 00:13:13

Health: 0/62       AC:  6    Str: 13    XL:     7   Next: 61%
Magic:  7/7        EV: 15    Int: 11    God:
Gold:   248        SH:  0    Dex: 15    Spells: 6/6 levels left

rFire    . . .     SeeInvis .   a - +1 hand axe
rCold    . . .     Gourm    .   (no shield)
rNeg     . . .     Faith    .   (armour unavailable)
rPois    .         Spirit   .   (helmet restricted)
rElec    +         Reflect  .   f - scarf {cloud immunity}
rCorr    .         Harm     .   (no gloves)
MR       .....                  (no boots)
Stlth    ++........             (no amulet)
HPRegen  0.20/turn              (no ring)
MPRegen  0.10/turn              (no ring)

@: short of breath
A: breathe lightning, unfitting armour, electricity resistance, cold-blooded, AC
+6
a: Breathe Lightning


You were on level 5 of the Dungeon.
You were very hungry.

You visited 1 branch of the dungeon, and saw 5 of its levels.

You collected 248 gold pieces.

Inventory:

Hand Weapons
 a - a +1 hand axe (weapon)
 b - a +0 hunting sling
Missiles
 e - 97 stones (quivered)
 g - 7 tomahawks of dispersal
 h - 48 sling bullets
Armour
 f - a scarf of cloud immunity (worn)
 i - a +0 buckler
Jewellery
 v - a +3 ring of strength {unknown}
 x - a cursed ring of teleportation {unknown}
 z - the ring "Dich" {Fire Int+3, unknown}
   (You found it on level 5 of the Dungeon)

   [ring of fire]

   It enhances your fire magic.
   It affects your intelligence (+3).
   It protects you from fire.
   It makes you vulnerable to cold.
Wands
 n - a wand of enslavement (15)
Scrolls
 c - a scroll of enchant weapon
 k - 2 scrolls of remove curse
 l - 2 scrolls of amnesia {unknown}
 o - a scroll of fear {unknown}
 q - 2 scrolls of random uselessness {unknown}
 s - 3 scrolls of teleportation {unknown}
 t - 3 scrolls of identify {unknown}
 u - 2 scrolls of magic mapping {unknown}
 y - a scroll of fog {unknown}
Potions
 m - a potion of curing {unknown}
 p - a potion of agility {unknown}
 r - a potion of lignification {unknown}
 w - a potion of berserk rage {unknown}
 A - a potion of flight {unknown}
 B - a potion of mutation {unknown}
 D - a potion of might {unknown}
Comestibles
 j - 11 rations


   Skills:
 + Level 5.7 Fighting
 * Level 6.8 Axes
 + Level 4.7 Dodging
 - Level 1.7 Stealth


You had 6 spell levels left.
You didn't know any spells.
Your spell library was empty.

Dungeon Overview and Level Annotations

Branches:
Dungeon (5/15)
 Temple: D:4-7

Altars:
Dithmenos
Fedhas
Kikubaaqudgha
Nemelex Xobeh


Innate Abilities, Weirdness & Mutations

You can breathe wild blasts of lightning.
Your glossy black scales are hard. (AC +6)
You cannot fit into any form of body armour.
You are resistant to electric shocks. (rElec)
You are cold-blooded and may be slowed by cold attacks.


Message History

The orc completely misses you.
You feel much better. The adder zombie barely misses you.
The gnoll barely misses you.
The orc priest calls down the wrath of Beogh upon you.
Pain shoots through your body!
* * * LOW HITPOINT WARNING * * *
The adder zombie completely misses you. The orc misses you.
The gnoll barely misses you.
As you read the scroll labeled SENLUDA MAUN, it crumbles to dust.
You feel blessed for a moment.
It was a scroll of remove curse.
The gnoll hits you from afar with a spear.
* * * LOW HITPOINT WARNING * * *
The orc priest misses you. The adder zombie misses you.
The orc closely misses you.
As you read the scroll labeled MUCLI UNEGYOWK, it crumbles to dust.
It is a scroll of enchant weapon.
Your +0 hand axe glows red for a moment.
The gnoll hits you but does no damage.
The gnoll hits you from afar with a spear!
You die...

########++########........ #.
#................#........
#.######................###......
......##..8..8....8..8..# ###.#.#
.......#................# ##..#
.....(.#................######.##
.......#..8..8....8..8..#..##....
.......#.......oo.......#..#.....
.......'.......Z@.......'........
.......'......gg[.......'..#..#..
.......#................#..##.#..
##.....#..8..8....8..8..#..##....
#.#...#................######...
#..#####................# ##.. #.
#..8..8....8..8..# ##. ..
#................# ##
#................# #


You could see an orc priest, 2 gnolls, an orc and an adder zombie.

Vanquished Creatures
  4 ogres
  A wyvern skeleton (D:5)
  A crimson imp (D:5)
  2 orc wizards (D:4)
  2 orc priests (D:4)
  A worker ant (D:4)
  3 gnolls
  3 adders
  2 shadow imps (D:5)
  3 oozes
  3 adder zombies (D:2)
  A worm (D:2)
  5 adder skeletons
  6 dart slugs
  2 leopard geckos
  16 orcs
  2 ball pythons
  2 bat skeletons (D:2)
  3 giant cockroaches
  9 hobgoblins
  14 jackals
  3 quokkas
  8 bats
  4 frilled lizards
  5 goblins
  11 kobolds
  2 quokka zombies
  8 rats
126 creatures vanquished.

Notes
Turn   | Place    | Note
-------+----------+-------------------------------------------
     0 | D:1      | Knicklaso the Draconian Monk began the quest for the Orb.
     0 | D:1      | Reached XP level 1. HP: 19/19 MP: 1/1
   147 | D:1      | Reached XP level 2. HP: 26/26 MP: 2/2
   670 | D:1      | Reached XP level 3. HP: 32/33 MP: 3/3
   974 | D:2      | Reached skill level 4 in Axes
  1119 | D:2      | Reached XP level 4. HP: 35/40 MP: 4/4
  1186 | D:2      | Found a shadowy altar of Dithmenos.
  2572 | D:3      | Reached XP level 5. HP: 18/46 MP: 5/5
  3543 | D:4      | Reached skill level 5 in Axes
  3657 | D:4      | Noticed an ogre
  3666 | D:4      | HP: 1/47 [ogre/giant club (27)]
  3681 | D:4      | Killed an ogre
  3681 | D:4      | Reached XP level 6. HP: 4/53 MP: 6/6
  4054 | D:4      | HP: 2/55 [ogre/giant club (7)]
  4079 | D:3      | Reached skill level 5 in Fighting
  4513 | D:4      | Found an ancient bone altar of Kikubaaqudgha.
  4514 | D:4      | Found a blossoming altar of Fedhas.
  4592 | D:4      | Found a sparkling altar of Nemelex Xobeh.
  4771 | D:4      | Reached skill level 6 in Axes
  4771 | D:4      | Your scales start taking on a glossy black colour.
  4771 | D:4      | Reached XP level 7. HP: 52/61 MP: 7/7
  4771 | D:4      | Gained mutation: You are resistant to electric shocks.
                  | (rElec) [Black Draconian growth]
  4870 | D:5      | Entered Level 5 of the Dungeon
  5226 | D:5      | Got a pitted tin ring
  5879 | D:5      | Slain by a gnoll

Skill      XL: |  1  2  3  4  5  6 |
---------------+-------------------+-----
Dodging        | 3 4 |  4.7
Axes           | 4 5 6 |  6.8
Fighting       | 4 5 |  5.7
Stealth        | |  1.7

Action                   |  1- 3 |  4- 6 |  7- 9 || total
-------------------------+-------+-------+-------++-------
Melee: Hand axe          |   104 |   117 |   157 ||   378
       Tailslap          |    19 |    16 |    27 ||    62
 Fire: Hunting sling     |       |   199 |     2 ||   201
 Abil: Breathe Lightning |       |       |     1 ||     1
  Use: Potion            |       |     2 |     1 ||     3
       Scroll            |       |       |     2 ||     2
 Stab: Sleeping          |     7 |       |       ||     7
  Eat: Chunk             |       |    12 |     3 ||    15
Armor: Skin              |    39 |    56 |    38 ||   133
Dodge: Dodged            |    74 |   183 |   112 ||   369
